 Dungeon Sprint DCSS version 0.30-a0-122-g2a1322497e (webtiles) character file.

Game seed: 6150578223598516512

1573 mhtbhm the Earth Mage (level 8, -4/45 HPs)
             Began as a Gargoyle Earth Elementalist on Sept 16, 2022.
             Was a Believer of Vehumet.
             Shot with an arrow by a centaur warrior (23 damage)
             ... in the Dungeon (Sprint IX: "|||||||||||||||||||||||||||||").
             The game lasted 00:02:08 (1046 turns).

mhtbhm the Earth Mage (Gargoyle Earth Elementalist) Turns: 1046, Time: 00:02:09

Health: -4/45      AC:  9    Str: 12    XL:     8   Next: 90%
Magic:  12/23      EV: 13    Int: 18    God:    Vehumet [**....]
Gold:   0          SH:  0    Dex: 10    Spells: 18/29 levels left

rFire   . . .      SeeInvis .    n - +2 dire flail (vorpal)
rCold   . . .      Faith    .    (shield currently unavailable)
rNeg    + . .      Spirit   .    a - +0 robe
rPois   ∞          Reflect  .    m - +0 helmet
rElec   +          Harm     .    l - +0 cloak
rCorr   .          Rampage  .    (no gloves)
Will    .....      NoTele   +    (no boots)
Stlth   ++........               (no amulet)
HPRegen 0.15/turn                (no ring)
MPRegen 0.18/turn                (no ring)

@: no status effects
A: sickness immunity, AC +5, negative energy resistance 1, electricity
resistance, torment resistance 1, petrification resistance
a: Renounce Religion


You were in the Dungeon.
You worshipped Vehumet.
Vehumet was pleased with you.
You visited 1 branch

Inventory:

Hand Weapons
 n - a +2 vorpal dire flail (weapon)
Armour
 a - a +0 robe (worn)
 l - a +0 cloak (worn)
 m - a +0 helmet (worn)
Jewellery
 j - a +3 ring of dexterity
 k - a +2 ring of protection
Wands
 i - a wand of light (10)
Scrolls
 g - a scroll of blinking
 h - 2 scrolls of amnesia
Potions
 b - 2 potions of magic
 c - 3 potions of curing
 f - a potion of berserk rage


   Skills:
 + Level 2.6 Fighting
 + Level 5.1 Dodging
 + Level 4.2 Stealth
 + Level 11.3 Spellcasting
 + Level 1.5 Conjurations
 + Level 0.9 Transmutations
 + Level 15.8 Earth Magic


You had 18 spell levels left.
You knew the following spells:

 Your Spells              Type           Power      Damage    Failure   Level
a - Sandblast             Erth           100%       2d20      0%          1
b - Passwall              Tmut/Erth      33%        N/A       1%          2
c - Stone Arrow           Conj/Erth      82%        3d12      1%          3
d - Petrify               Tmut/Erth      40%        N/A       2%          4
e - Freeze                Ice            40%        1d6       7%          1

Your spell library contained the following spells:

 Spells                   Type           Power      Damage    Failure   Level
 Poisonous Vapours        Pois/Air       20%        N/A       11%         2


Dungeon Overview and Level Annotations

Branches:
Dungeon (1/1)

Altars:
Cheibriados
Dithmenos
Elyvilon
Fedhas
Gozag
Hepliaklqana
Kikubaaqudgha
Makhleb
Nemelex Xobeh
Okawaru
Qazlal
Ru
Sif Muna
Trog
Uskayaw
Vehumet
Wu Jian
Xom
Yredelemnul
Zin
The Shining One
Jiyva
Lugonu


Innate Abilities, Weirdness & Mutations

You are immune to sickness and miasma.
Your stone body is resilient. (AC +5)
You are immune to poison.
You resist negative energy. (rN+)
You are resistant to electric shocks. (rElec)
You are resistant to unholy torment.
You are immune to petrification.


Message History

Confirm with . or Enter, or press ? or * to list all spells.
Aiming: Stone Arrow (safe; 1% risk of failure)
Press: ? - help, Shift-Dir - straight line, f - vampire
Aim: a vampire (76% to hit)
The stone arrow hits the vampire!
The vampire is heavily damaged.
Unknown command.
Press < or > to pray at altars.
Casting: Stone Arrow (safe; 1% risk of failure)
Confirm with . or Enter, or press ? or * to list all spells.
Aiming: Stone Arrow (safe; 1% risk of failure)
Press: ? - help, Shift-Dir - straight line, f/p - vampire
Aim: a vampire (heavily damaged, 76% to hit)
The stone arrow hits the vampire!
The vampire is almost destroyed.
The vampire misses you.
The vampire bites you but does no damage.
Unknown command.
Press < or > to pray at altars.
Casting: Stone Arrow (safe; 1% risk of failure)
Confirm with . or Enter, or press ? or * to list all spells.
Aiming: Stone Arrow (safe; 1% risk of failure)
Press: ? - help, Shift-Dir - straight line, f/p - vampire
Aim: a vampire (almost destroyed, 76% to hit)
The stone arrow hits the vampire!
You destroy the vampire!
Vehumet accepts your kill.
You feel your power returning.
The centaur warrior wields a +0 shortbow.
The centaur warrior shoots an arrow.
The arrow hits you!
* * * LOW HITPOINT WARNING * * *
Unknown command.
Press < or > to pray at altars.
Unknown command.
Press < or > to pray at altars.
You feel better.
The centaur warrior shoots an arrow.
The arrow closely misses you.
The centaur warrior shoots an arrow.
The arrow hits you!!
Ouch! That really hurt!
You die...

▓_▓
▓_▓
▓_▓
▓_▓
▓_▓
▓_▓
▓_▓
▓_▓
▓@▓
▓'▓
▓c▓
▓.▓
▓)▓
▓.▓
▓.▓
▓.▓
▓[▓


You could see a centaur warrior.

Vanquished Creatures
  A catoblepas (D)
  A shadow (D)
  A wyvern (D)
  A yak (D)
  A vampire (D)
  An orc warrior (D)
  A necrophage (D)
  2 scorpions (D)
  3 howler monkeys (D)
  An ufetubus (D)
  2 endoplasms (D)
  A goblin (D)
  A bat (D)
  A rat (D)
18 creatures vanquished.

Notes
Turn   | Place    | Note
-------+----------+-------------------------------------------
     0 | D        | mhtbhm the Gargoyle Earth Elementalist began the quest for
                  | the Orb.
     0 | D        | Reached XP level 1. HP: 10/10 MP: 3/3
     6 | D        | Reached skill level 4 in Earth Magic
   239 | D        | Reached skill level 5 in Earth Magic
   267 | D        | Noticed a necrophage
   267 | D        | Noticed a scorpion
   267 | D        | Noticed a scorpion
   267 | D        | Noticed a howler monkey
   284 | D        | Killed a necrophage
   285 | D        | Reached skill level 7 in Earth Magic
   285 | D        | Reached XP level 2. HP: 8/15 MP: 0/7
   285 | D        | Reached XP level 3. HP: 10/19 MP: 0/8
   285 | D        | Reached XP level 4. HP: 13/24 MP: 0/10
   289 | D        | Killed a scorpion
   290 | D        | Reached skill level 5 in Spellcasting
   290 | D        | Reached skill level 9 in Earth Magic
   290 | D        | Reached XP level 5. HP: 26/28 MP: 8/12
   292 | D        | Reached skill level 10 in Earth Magic
   294 | D        | Reached skill level 11 in Earth Magic
   294 | D        | Reached XP level 6. HP: 27/32 MP: 4/15
   297 | D        | Learned a level 2 spell: Passwall
   301 | D        | Learned a level 3 spell: Stone Arrow
   306 | D        | Learned a level 4 spell: Petrify
   321 | D        | Found a snail-covered altar of Cheibriados.
   321 | D        | Found a shadowy altar of Dithmenos.
   321 | D        | Found a white marble altar of Elyvilon.
   321 | D        | Found a blossoming altar of Fedhas.
   321 | D        | Found an opulent altar of Gozag.
   322 | D        | Found a hazy altar of Hepliaklqana.
   323 | D        | Found a viscous altar of Jiyva.
   324 | D        | Found an ancient bone altar of Kikubaaqudgha.
   325 | D        | Found a corrupted altar of Lugonu.
   326 | D        | Found a burning altar of Makhleb.
   327 | D        | Found a sparkling altar of Nemelex Xobeh.
   328 | D        | Found an iron altar of Okawaru.
   329 | D        | Found a stormy altar of Qazlal.
   330 | D        | Found a sacrificial altar of Ru.
   331 | D        | Found a shimmering blue altar of Sif Muna.
   332 | D        | Found a bloodstained altar of Trog.
   333 | D        | Found a hide-covered altar of Uskayaw.
   334 | D        | Found a radiant altar of Vehumet.
   335 | D        | Found an ornate altar of the Wu Jian Council.
   336 | D        | Found a shimmering altar of Xom.
   337 | D        | Found a basalt altar of Yredelemnul.
   338 | D        | Found a glowing silver altar of Zin.
   339 | D        | Found a glowing golden altar of the Shining One.
   343 | D        | Became a worshipper of Vehumet
   491 | D        | Noticed a yak
   491 | D        | Noticed an orc warrior
   491 | D        | Noticed a wyvern
   491 | D        | Noticed a shadow
   503 | D        | Killed a yak
   504 | D        | Reached skill level 12 in Earth Magic
   506 | D        | Killed an orc warrior
   506 | D        | Reached * piety under Vehumet
   506 | D        | Offered knowledge of Freeze by Vehumet.
   507 | D        | Reached skill level 13 in Earth Magic
   507 | D        | Reached XP level 7. HP: 26/37 MP: 11/18
   508 | D        | Killed a wyvern
   509 | D        | Reached skill level 1 in Fighting
   511 | D        | Killed a shadow
   512 | D        | Reached skill level 14 in Earth Magic
   514 | D        | Reached ** piety under Vehumet
   515 | D        | Reached XP level 8. HP: 43/43 MP: 1/21
   612 | D        | Learned a level 1 spell: Freeze
   629 | D        | Noticed a catoblepas
   629 | D        | Noticed a vampire
   629 | D        | Noticed a centaur warrior
   629 | D        | Noticed a wraith
  1032 | D        | Killed a catoblepas
  1032 | D        | Offered knowledge of Poisonous Vapours by Vehumet.
  1033 | D        | Reached skill level 5 in Dodging
  1033 | D        | Reached skill level 1 in Conjurations
  1033 | D        | Reached skill level 15 in Earth Magic
  1045 | D        | Killed a vampire
  1046 | D        | Shot with an arrow by a centaur warrior

Illustrated notes

Levels and vault maps discovered:
D:        linesprint [early_d, line_temple, items_1, d_10, items_2, lair_1,
          lair_end, items_3, orc_1, orc_end, items_4, d_15, swamp_1, shoals_1,
          snake_1, spider_1, d_20, vaults_1, items_5, swamp_end, shoals_end,
          snake_end, spider_end, vaults_end, d_27, items_6, zot_1, zot_end,
          crypt_end, forest_end, elf_end, slime_end, tomb_end, abyss_end,
          pan_hell_end]

Skill      XL: |  1  2  3  4  5  6  7  8 |
---------------+-------------------------+-----
Earth Magic    | 7 9 11 13 14 15 | 15.8
Dodging        | 2 3 4 5 |  5.1
Stealth        | 3 4 |  4.2
Spellcasting   | 4 5 6 8 9 11 | 11.3
Fighting       | 1 2 |  2.6
Conjurations   | 1 |  1.5
Transmutations | |  0.9

Action                   |  1- 3 |  4- 6 |  7- 9 || total
-------------------------+-------+-------+-------++-------
 Cast: Sandblast         |    11 |    13 |     5 ||    29
       Stone Arrow       |       |       |    12 ||    12
  Use: Potion            |     2 |     4 |     4 ||    10
       Scroll            |       |       |     1 ||     1
Armor: Robe              |       |     3 |     3 ||     6
Dodge: Dodged            |     5 |    10 |     8 ||    23

Table legend: (Time is in decaauts)
 A = Elapsed time spent in this place.
 B = Non-inter-level travel time spent in this place.
 C = Inter-level travel time spent in this place.
 D = Time resting spent in this place.
 E = Time spent auto-exploring this place.
 F = Levels seen in this place.
 G = Mean time per level.
                   A        B        C        D        E       F      G
               +--------+--------+--------+--------+--------+-----+--------+
         Total |   1039 |   1039 |      0 |    845 |      3 |   1 | 1039.0 |
       Dungeon |   1039 |   1039 |      0 |    845 |      3 |   1 | 1039.0 |
               +--------+--------+--------+--------+--------+-----+--------+

Top non-repeatable levels by time:
       D: 1039 daAuts
